TOP OF THE 1ST |
Los Cabos Cartel batting - Pitching for Birmingham Steeldogs : RHP Manuel Romero
|
Pitching: RHP Manuel Romero
|
|
Batting: LHB Willie Wallace
|
0-0: Called Strike 0-1: Ground out 6-3 (Groundball, 6)
|
Batting: SHB Julián Madrid
|
0-0: Called Strike 0-1: Called Strike 0-2: Ball 1-2: Strikes out swinging
|
Batting: LHB Luis González
|
0-0: Foul Ball, location: 2F 0-1: Ground out 2-3 (Groundball, 2L)
|
Top of the 1st over - 0 run(s), 0 hit(s), 0 error(s), 0 left on base; Los Cabos 0 - Birmingham 0 |
BOTTOM OF THE 1ST |
Birmingham Steeldogs batting - Pitching for Los Cabos Cartel : LHP Francisco Pérez
|
Pitching: LHP Francisco Pérez
|
|
Batting: RHB Nick Webb
|
0-0: Fly out, F4 (Popup, 4MD)
|
Batting: RHB Lorenzo Martínez
|
0-0: Ball 1-0: SINGLE (Groundball, 5D)
|
Batting: RHB Valentín Borges
|
0-0: Ball 1-0: Ball 2-0: Swinging Strike 2-1: Fly out, F8 (Line Drive, 8RS)
|
Batting: RHB Eric Johnson
|
0-0: Ball 1-0: Swinging Strike 1-1: Called Strike 1-2: Ball 2-2: Ground out U3 (Groundball, 3)
|
Bottom of the 1st over - 0 run(s), 1 hit(s), 0 error(s), 1 left on base; Los Cabos 0 - Birmingham 0 |
TOP OF THE 2ND |
Los Cabos Cartel batting - Pitching for Birmingham Steeldogs : RHP Manuel Romero
|
Batting: LHB Miguel Rivería
|
0-0: Ball 1-0: Called Strike 1-1: Called Strike 1-2: Strikes out swinging
|
Batting: RHB Stephen Wilson
|
0-0: Called Strike 0-1: Called Strike 0-2: Strikes out swinging
|
Batting: RHB Víctor Solano
|
0-0: Fly out, F7 (Flyball, 78S)
|
Top of the 2nd over - 0 run(s), 0 hit(s), 0 error(s), 0 left on base; Los Cabos 0 - Birmingham 0 |
BOTTOM OF THE 2ND |
Birmingham Steeldogs batting - Pitching for Los Cabos Cartel : LHP Francisco Pérez
|
Batting: LHB Chris Miller
|
0-0: Ball 1-0: Called Strike 1-1: Ground out 4-3 (Groundball, 4)
|
Batting: RHB Carlos García
|
0-0: Ground out 6-3 (Groundball, 6MS)
|
Batting: LHB Mitchell Oglethorpe
|
0-0: Ball 1-0: Called Strike 1-1: Ball 2-1: Swinging Strike 2-2: Foul Ball, location: 2F 2-2: Ground out 1-3 (Groundball, 13)
|
Bottom of the 2nd over - 0 run(s), 0 hit(s), 0 error(s), 0 left on base; Los Cabos 0 - Birmingham 0 |
TOP OF THE 3RD |
Los Cabos Cartel batting - Pitching for Birmingham Steeldogs : RHP Manuel Romero
|
Batting: RHB John Pick
|
0-0: Ball 1-0: Called Strike 1-1: Ball 2-1: Swinging Strike 2-2: Ball 3-2: Strikes out swinging
|
Batting: RHB Wilbert Rodgers
|
0-0: Ball 1-0: Ball 2-0: Ball 3-0: Called Strike 3-1: Base on Balls
|
Batting: RHB Ángel Garza
|
0-0: Ball 1-0: Called Strike 1-1: Fly out, F8 (Flyball, 8RD)
|
Batting: LHB Willie Wallace
|
0-0: Called Strike 0-1: 2-RUN HOME RUN (Flyball, 7D), Distance : 385 ft
|
Batting: SHB Julián Madrid
|
0-0: Called Strike 0-1: Swinging Strike 0-2: Ball 1-2: Ball 2-2: Foul Ball, location: 2F 2-2: Ball 3-2: Strikes out swinging
|
Top of the 3rd over - 2 run(s), 1 hit(s), 0 error(s), 0 left on base; Los Cabos 2 - Birmingham 0 |
BOTTOM OF THE 3RD |
Birmingham Steeldogs batting - Pitching for Los Cabos Cartel : LHP Francisco Pérez
|
Batting: LHB José Martínez
|
0-0: Called Strike 0-1: Ground out 6-3 (Groundball, 6)
|
Batting: RHB Jean-Paul St-Pierre
|
0-0: Called Strike 0-1: Ball 1-1: Called Strike 1-2: Foul Ball, location: 2F 1-2: Ball 2-2: Ball 3-2: Fly out, F8 (Flyball, 8RXD)
|
Batting: RHB Nick Webb
|
0-0: Swinging Strike 0-1: Ball 1-1: Ball 2-1: Swinging Strike 2-2: Foul Ball, location: 2F 2-2: Ball 3-2: Base on Balls
|
Batting: RHB Lorenzo Martínez
|
0-0: Ball 1-0: Ball 2-0: Ball 3-0: Base on Balls Nick Webb to second
|
Batting: RHB Valentín Borges
|
0-0: Ball 1-0: Ball 2-0: Swinging Strike 2-1: Called Strike 2-2: Ground out 4-3 (Groundball, 34)
|
Bottom of the 3rd over - 0 run(s), 0 hit(s), 0 error(s), 2 left on base; Los Cabos 2 - Birmingham 0 |
TOP OF THE 4TH |
Los Cabos Cartel batting - Pitching for Birmingham Steeldogs : RHP Manuel Romero
|
Batting: LHB Luis González
|
0-0: Ball 1-0: Swinging Strike 1-1: Called Strike 1-2: Ball Error on foul ball, E9 2-2: Ball 3-2: SOLO HOME RUN (Flyball, 9D), Distance : 371 ft
|
Batting: LHB Miguel Rivería
|
0-0: Swinging Strike 0-1: Foul Ball, location: 2F 0-2: Fly out, F7 (Flyball, 78D)
|
Batting: RHB Stephen Wilson
|
0-0: Called Strike 0-1: Ball 1-1: Ball 2-1: Swinging Strike 2-2: Foul Ball, location: 2F 2-2: Foul Ball, location: 2F 2-2: Ground out 5-3 (Groundball, 56)
|
Batting: RHB Víctor Solano
|
0-0: Ball 1-0: Called Strike 1-1: Ball 2-1: Foul Ball, location: 2F 2-2: Foul Ball, location: 2F 2-2: Ball 3-2: Fly out, F7 (Flyball, 7S)
|
Top of the 4th over - 1 run(s), 1 hit(s), 1 error(s), 0 left on base; Los Cabos 3 - Birmingham 0 |
BOTTOM OF THE 4TH |
Birmingham Steeldogs batting - Pitching for Los Cabos Cartel : LHP Francisco Pérez
|
Batting: RHB Eric Johnson
|
0-0: Called Strike 0-1: Swinging Strike 0-2: Ball 1-2: Ball 2-2: Ball 3-2: Foul Ball, location: 2F 3-2: Strikes out looking
|
Batting: LHB Chris Miller
|
0-0: Foul Ball, location: 2F 0-1: Ball 1-1: Ground out 4-3 (Groundball, 4)
|
Batting: RHB Carlos García
|
0-0: Ball 1-0: Ground out 4-3 (Groundball, 34)
|
Bottom of the 4th over - 0 run(s), 0 hit(s), 0 error(s), 0 left on base; Los Cabos 3 - Birmingham 0 |
TOP OF THE 5TH |
Los Cabos Cartel batting - Pitching for Birmingham Steeldogs : RHP Manuel Romero
|
Batting: RHB John Pick
|
0-0: Ball 1-0: Ball 2-0: Ball 3-0: Base on Balls
|
Batting: RHB Wilbert Rodgers
|
0-0: Called Strike 0-1: Foul Ball, location: 2F 0-2: Foul Ball, location: 2F 0-2: Foul Ball, location: 2F 0-2: Ball 1-2: Ball 2-2: Ball 3-2: 2-RUN HOME RUN (Flyball, 78XD), Distance : 389 ft
|
Batting: RHB Ángel Garza
|
0-0: Ball 1-0: Swinging Strike 1-1: Called Strike 1-2: Ground out 4-3 (Groundball, 4)
|
Batting: LHB Willie Wallace
|
0-0: DOUBLE (Line Drive, 78XD)
|
Batting: SHB Julián Madrid
|
0-0: Called Strike 0-1: Called Strike 0-2: Ball 1-2: Ball 2-2: SINGLE (Groundball, 13S) (infield hit) Willie Wallace to third
|
Batting: LHB Luis González
|
0-0: Called Strike 0-1: Ball 1-1: Called Strike 1-2: Grounds into double play, 6-4-3 (Groundball, 6M)
|
Top of the 5th over - 2 run(s), 3 hit(s), 0 error(s), 1 left on base; Los Cabos 5 - Birmingham 0 |
BOTTOM OF THE 5TH |
Birmingham Steeldogs batting - Pitching for Los Cabos Cartel : LHP Francisco Pérez
|
Batting: LHB Mitchell Oglethorpe
|
0-0: Called Strike 0-1: Fly out, F8 (Flyball, 78D)
|
Batting: LHB José Martínez
|
0-0: Called Strike 0-1: Foul Ball, location: 2F 0-2: Ball 1-2: Ball 2-2: Strikes out looking
|
Batting: RHB Jean-Paul St-Pierre
|
0-0: Foul Ball, location: 2F 0-1: Ball 1-1: Ground out 6-3 (Groundball, 6)
|
Bottom of the 5th over - 0 run(s), 0 hit(s), 0 error(s), 0 left on base; Los Cabos 5 - Birmingham 0 |
TOP OF THE 6TH |
Los Cabos Cartel batting - Pitching for Birmingham Steeldogs : RHP Manuel Romero
|
Batting: LHB Miguel Rivería
|
0-0: Ground out 4-3 (Groundball, 4M)
|
Batting: RHB Stephen Wilson
|
0-0: Foul Ball, location: 2F 0-1: Ball 1-1: Foul Ball, location: 2F 1-2: Foul Ball, location: 2F 1-2: Ball 2-2: Ball 3-2: Ground out 4-3 (Groundball, 4)
|
Batting: RHB Víctor Solano
|
0-0: SINGLE (Groundball, 6M)
|
Batting: RHB John Pick
|
0-0: Swinging Strike Víctor Solano is caught stealing 2nd base
|
Top of the 6th over - 0 run(s), 1 hit(s), 0 error(s), 0 left on base; Los Cabos 5 - Birmingham 0 |
BOTTOM OF THE 6TH |
Birmingham Steeldogs batting - Pitching for Los Cabos Cartel : LHP Francisco Pérez
|
Batting: RHB Nick Webb
|
0-0: Ground out 4-3 (Groundball, 4M)
|
Batting: RHB Lorenzo Martínez
|
0-0: Swinging Strike 0-1: Ball 1-1: Swinging Strike 1-2: Ball 2-2: Ball 3-2: Base on Balls
|
Batting: RHB Valentín Borges
|
0-0: Called Strike 0-1: Ball 1-1: Foul Ball, location: 2F 1-2: SINGLE (Groundball, 56D) Lorenzo Martínez to second
|
Batting: RHB Eric Johnson
|
0-0: Ball 1-0: Swinging Strike 1-1: Swinging Strike 1-2: Ball 2-2: Strikes out swinging
|
Batting: LHB Chris Miller
|
0-0: Ball 1-0: Foul Ball, location: 2F 1-1: Ground out 1-3 (Groundball, 15S)
|
Bottom of the 6th over - 0 run(s), 1 hit(s), 0 error(s), 2 left on base; Los Cabos 5 - Birmingham 0 |
TOP OF THE 7TH |
Los Cabos Cartel batting - Pitching for Birmingham Steeldogs : RHP Manuel Romero
|
Pitching: RHP Michel Dallaire
|
|
Batting: RHB John Pick
|
0-0: Ball 1-0: Swinging Strike 1-1: Foul Ball, location: 2F 1-2: Ball 2-2: Foul Ball, location: 2F 2-2: Ball 3-2: Foul Ball, location: 2F 3-2: Foul Ball, location: 2F 3-2: Foul Ball, location: 2F 3-2: Base on Balls
|
Batting: RHB Wilbert Rodgers
|
0-0: Reached on error, E4 (Groundball, 34) John Pick to second
|
Batting: RHB Ángel Garza
|
0-0: Sac Bunt - play at first, batter OUT! 1-4 John Pick to third Wilbert Rodgers to second
|
Batting: LHB Willie Wallace
|
0-0: Ball 1-0: Called Strike 1-1: Ball 2-1: Ball 3-1: Base on Balls
|
Batting: SHB Julián Madrid
|
0-0: Swinging Strike 0-1: Called Strike 0-2: Ball 1-2: Foul Ball, location: 2F 1-2: Fly out, F8 (Flyball, 8LM) Runner from 3rd tags up, SCORES, no throw
|
Batting: LHB Luis González
|
0-0: Ball 1-0: Ball 2-0: Ball 3-0: Called Strike 3-1: Swinging Strike 3-2: Foul Ball, location: 2F 3-2: Foul Ball, location: 2F 3-2: SINGLE (Groundball, 34) Wilbert Rodgers to third Willie Wallace to second Wilbert Rodgers scores Willie Wallace to third
|
Batting: LHB Miguel Rivería
|
0-0: Ball 1-0: SINGLE (Line Drive, 56) Willie Wallace scores Luis González to second
|
Pitching: RHP Stanley Briggs
|
|
Batting: RHB Stephen Wilson
|
0-0: Called Strike 0-1: Foul Ball, location: 2F 0-2: Ball 1-2: Foul Ball, location: 2F 1-2: Foul Ball, location: 2F 1-2: Ball 2-2: Fly out, F8 (Line Drive, 8RM)
|
Top of the 7th over - 3 run(s), 2 hit(s), 1 error(s), 2 left on base; Los Cabos 8 - Birmingham 0 |
BOTTOM OF THE 7TH |
Birmingham Steeldogs batting - Pitching for Los Cabos Cartel : LHP Francisco Pérez
|
Batting: RHB Carlos García
|
0-0: Ball 1-0: Ball 2-0: Ball 3-0: Base on Balls
|
Batting: LHB Mitchell Oglethorpe
|
0-0: Ball 1-0: Called Strike 1-1: Ball 2-1: Swinging Strike 2-2: Grounds into double play, 6-4-3 (Groundball, 6)
|
Batting: LHB José Martínez
|
0-0: Foul Ball, location: 2F 0-1: Ball 1-1: Ball 2-1: Foul Ball, location: 2F 2-2: Ball 3-2: Base on Balls
|
Pitching: RHP Pedro Hernández
|
|
Batting: RHB Jean-Paul St-Pierre
|
Pickoff Throw to First - Out!
|
Bottom of the 7th over - 0 run(s), 0 hit(s), 0 error(s), 0 left on base; Los Cabos 8 - Birmingham 0 |
TOP OF THE 8TH |
Los Cabos Cartel batting - Pitching for Birmingham Steeldogs : RHP Stanley Briggs
|
Batting: RHB Víctor Solano
|
0-0: Called Strike 0-1: Ball 1-1: Swinging Strike 1-2: Strikes out swinging
|
Batting: RHB John Pick
|
0-0: Fly out, F8 (Flyball, 89XD)
|
Batting: RHB Wilbert Rodgers
|
0-0: Ball 1-0: Ball 2-0: Ball 3-0: Base on Balls
|
Batting: RHB Ángel Garza
|
0-0: Ball 1-0: Ball 2-0: Fly out, F2 (Popup, 2L)
|
Top of the 8th over - 0 run(s), 0 hit(s), 0 error(s), 1 left on base; Los Cabos 8 - Birmingham 0 |
BOTTOM OF THE 8TH |
Birmingham Steeldogs batting - Pitching for Los Cabos Cartel : RHP Pedro Hernández
|
Batting: RHB Jean-Paul St-Pierre
|
0-0: Ball 1-0: Called Strike 1-1: Ball 2-1: Called Strike 2-2: Strikes out swinging
|
Batting: RHB Nick Webb
|
0-0: Swinging Strike 0-1: Ball 1-1: Ball 2-1: SINGLE (Line Drive, 3L)
|
Batting: RHB Lorenzo Martínez
|
0-0: Foul Ball, location: 2F 0-1: Foul Ball, location: 2F 0-2: Foul Ball, location: 2F 0-2: Fielders Choice at 2nd, 1-6 (Groundball, 23)
|
Batting: RHB Valentín Borges
|
0-0: Called Strike 0-1: Ball 1-1: Ground out 5-3 (Groundball, 5)
|
Bottom of the 8th over - 0 run(s), 1 hit(s), 0 error(s), 1 left on base; Los Cabos 8 - Birmingham 0 |
TOP OF THE 9TH |
Los Cabos Cartel batting - Pitching for Birmingham Steeldogs : RHP Stanley Briggs
|
Batting: LHB Willie Wallace
|
0-0: SOLO HOME RUN (Flyball, 89XD), Distance : 384 ft
|
Batting: SHB Julián Madrid
|
0-0: Ball 1-0: Ball 2-0: Called Strike 2-1: Ball 3-1: Foul Ball, location: 2F 3-2: SOLO HOME RUN (Flyball, 9LD), Distance : 362 ft
|
Batting: LHB Luis González
|
0-0: Ball 1-0: Ball 2-0: Ball 3-0: Called Strike 3-1: Foul Ball, location: 2F 3-2: SINGLE (Line Drive, 89S)
|
Batting: LHB Miguel Rivería
|
0-0: Foul Ball, location: 2F 0-1: Ball 1-1: Called Strike 1-2: Ball 2-2: Strikes out swinging
|
Batting: RHB Stephen Wilson
|
0-0: Called Strike 0-1: Swinging Strike 0-2: Ball 1-2: Foul Ball, location: 2F 1-2: Fly out, F9 (Popup, 9S)
|
Batting: RHB Víctor Solano
|
0-0: Ball 1-0: Called Strike 1-1: Ball 2-1: Ball 3-1: Called Strike 3-2: Fly out, F7 (Line Drive, 78M)
|
Top of the 9th over - 2 run(s), 3 hit(s), 0 error(s), 1 left on base; Los Cabos 10 - Birmingham 0 |
BOTTOM OF THE 9TH |
Birmingham Steeldogs batting - Pitching for Los Cabos Cartel : RHP Pedro Hernández
|
Batting: RHB Eric Johnson
|
0-0: Ground out 4-3 (Groundball, 4)
|
Batting: LHB Chris Miller
|
0-0: Ball 1-0: Ball 2-0: Called Strike 2-1: Foul Ball, location: 2F 2-2: Strikes out swinging
|
Batting: RHB Carlos García
|
0-0: Swinging Strike 0-1: Foul Ball, location: 2F 0-2: Foul Ball, location: 2F 0-2: Foul Ball, location: 2F 0-2: Strikes out swinging
|
Bottom of the 9th over - 0 run(s), 0 hit(s), 0 error(s), 0 left on base; Los Cabos 10 - Birmingham 0 |
|